 Dungeon Crawl Stone Soup version 0.31-a0-833-gc15d34cb79 (webtiles) character file.

Game seed: 10065679010288786812

493 wildpjah the Slasher (level 7, -4/44 HPs)
             Began as a Tengu Monk on Sept 25, 2023.
             Was a Priest of Makhleb.
             Killed by divine providence
             ... invoked by an orc priest
              (17 damage)
             ... on level 4 of the Dungeon.
             The game lasted 00:07:43 (2917 turns).

wildpjah the Slasher (Tengu Monk)                   Turns: 2917, Time: 00:07:43

Health: -4/44      AC:  3    Str: 11    XL:     7   Next: 15%
Magic:  8/8        EV: 18    Int: 11    God:    Makhleb [***...]
Gold:   170        SH:  0    Dex: 18    Spells: 6/7 levels left

rFire   . . .        a - +0 falchion
rCold   . . .        d - orb {light}
rNeg    . . .        b - +0 robe
rPois   .            (helmet restricted)
rElec   .            m - +0 cloak
rCorr   .            (no gloves)
SInv    .            (boots unavailable)
Will    .....        (no amulet)
Stlth   +            (no ring)
HPRegen 0.27/turn    (no ring)
MPRegen 0.11/turn

%: acrobat
@: flying, glowing
A: beak, talons 3, evasive flight, acrobatic
a: Renounce Religion, Minor Destruction, Lesser Servant of Makhleb


You were on level 4 of the Dungeon.
You worshipped Makhleb.
Makhleb was most pleased with you.
You visited 1 branch of the dungeon, and saw 4 of its levels.

You collected 170 gold pieces.

Inventory:

Hand Weapons
 a - a +0 falchion (weapon)
Missiles
 j - 6 silver javelins
 n - 4 curare-tipped darts
Armour
 b - a +0 robe (worn)
 d - an orb of light (worn)
 m - a +0 cloak (worn)
Magical Staves
 t - a staff of conjuration
Jewellery
 p - a ring of willpower
 r - an amulet of faith
 u - a +6 ring of strength
Wands
 y - a wand of light (14)
Scrolls
 e - a scroll of teleportation {unknown}
 f - 2 scrolls of summoning {unknown}
 g - 2 scrolls of identify {unknown}
 h - 2 scrolls of fog {unknown}
 l - a scroll of amnesia {unknown}
 o - a scroll of enchant weapon {unknown}
 q - a scroll of fear {unknown}
 v - a scroll of noise {unknown}
 x - 2 scrolls of poison {unknown}
Potions
 c - a potion of ambrosia
 i - 2 potions of curing {unknown}
 k - 2 potions of attraction {unknown}
 s - a potion of heal wounds {unknown}
 w - a potion of degeneration {unknown}


   Skills:
 + Level 4.3 Fighting
 + Level 6.7 Long Blades
 + Level 4.6 Dodging
 + Level 1.4 Stealth
 + Level 0.6 Spellcasting
 + Level 0.5 Necromancy
 + Level 0.1 Invocations


You had 6 spell levels left.
You knew the following spells:

 Your Spells              Type           Power      Damage    Failure   Level
a - Necrotise             Necr           4%         1d4       26%         1

Your spell library contained the following spells:

 Spells                   Type           Power      Damage    Failure   Level
 Vampiric Draining        Necr           1%         2d6       63%         3
 Agony                    Necr           1%         N/A       100%        5


Dungeon Overview and Level Annotations

Branches:
Dungeon (4/15)
 Temple: D:4-7

Altars:
Gozag
Makhleb
Nemelex Xobeh
Trog
Yredelemnul


Innate Abilities, Weirdness & Mutations

You have a beak for a mouth.
You have claws for feet.
Your magical flight helps you evade attacks. (EV +4)
You can magically evade attacks while moving or waiting.


Message History

Aiming: Minor Destruction (21% risk of failure)
Press: ? - help, Shift-Dir - straight line, f/p - orc priest
Aim: an orc priest, wielding a +3 hand axe of electrocution and wearing a +0 leather armour (haloed)
The stone arrow hits the orc!
You kill the orc!
Makhleb accepts your kill.
Aiming: Minor Destruction (21% risk of failure)
Press: ? - help, Shift-Dir - straight line, f/p - orc priest
Aim: an orc priest, wielding a +3 hand axe of electrocution and wearing a +0 leather armour (haloed)
The orc resists with some effort.
The orc misses you.
You hit the orc. You claw the orc. You peck the orc.
You kill the orc!
Makhleb accepts your kill.
You hit the orc.
The orc is almost dead.
The orc misses you.
You hit the orc.
You kill the orc!
Makhleb accepts your kill.
You feel better.
You slash the orc!
You kill the orc!
Makhleb accepts your kill.
You feel better.
The orc priest mumbles some strange prayers to Beogh against you.
Pain shoots through your body! The orc misses you.
Items here: ))))) [[[ †.
You barely miss the orc. Your kick misses the orc.
The orc hits you with a +0 whip.
* * * LOW HITPOINT WARNING * * *
You slash the orc!
You kill the orc!
Makhleb accepts your kill.
You hit the orc priest but do no damage.
You claw the orc priest, but do no damage.
You peck the orc priest, but do no damage.
The orc priest calls down the wrath of Beogh upon you.
Beogh smites you!
You die...

#.. # #o# .##.###o#
....[.oo# ##+##
.......o# ##...## ##o#
##.....## # ##..#
##.......## ##
#.#..<####....(....####.
#.....o@.'=........'....
#.#...####.........####.
#.##..# ##....>..## ## #
##.# ##.....## # ..#
##...## ### ##+##


You could see an orc priest.

Vanquished Creatures
  A bullfrog zombie (D:4)
  3 hounds (D:4)
  Crazy Yiuf (D:2)
  Jessica (D:2)
  Natasha (thrice) (D:2)
  2 orc wizards
  2 iguanas (D:4)
  A hound zombie (D:4)
  A gnoll (D:4)
  5 adders
  An adder zombie (D:4)
  A dart slug (D:1)
  8 orcs
  4 endoplasms
  5 giant cockroaches
  4 goblins
  7 hobgoblins
  3 quokkas
  6 ball pythons
  7 bats
  2 frilled lizards
  A jackal zombie (D:4)
  4 kobolds
  6 rats (D:1)
79 creatures vanquished.

Notes
Turn   | Place    | Note
-------+----------+-------------------------------------------
     0 | D:1      | wildpjah the Tengu Monk began the quest for the Orb.
     0 | D:1      | Reached XP level 1. HP: 14/14 MP: 2/2
    38 | D:1      | Reached XP level 2. HP: 11/19 MP: 3/3
   294 | D:1      | Reached XP level 3. HP: 23/23 MP: 4/4
   520 | D:2      | Reached skill level 4 in Long Blades
   534 | D:2      | You fall into a shaft and drop 1 floor!
   582 | D:2      | Found a faded altar of an unknown god.
   591 | D:2      | Prayed at the altar of an unknown god.
   591 | D:2      | Became a worshipper of Makhleb the Destroyer
   591 | D:2      | Reached * piety under Makhleb
   591 | D:2      | Reached ** piety under Makhleb
   652 | D:2      | Noticed Natasha
   654 | D:2      | Reached XP level 4. HP: 20/29 MP: 5/5
   660 | D:2      | Killed Natasha
   792 | D:2      | Reached *** piety under Makhleb
  1005 | D:2      | Noticed Jessica
  1008 | D:2      | Killed Jessica
  1061 | D:2      | Found a runed translucent door.
  1062 | D:2      | Noticed Crazy Yiuf
  1069 | D:2      | Killed Crazy Yiuf
  1070 | D:2      | Reached skill level 5 in Long Blades
  1070 | D:2      | Reached XP level 5. HP: 20/33 MP: 6/6
  1315 | D:2      | Noticed Natasha
  1320 | D:2      | Killed Natasha
  1402 | D:2      | Noticed Natasha
  1407 | D:2      | Killed Natasha
  1519 | D:3      | Learned a level 1 spell: Necrotise
  1663 | D:3      | Reached XP level 6. HP: 9/38 MP: 4/7
  2095 | D:3      | Found a sparkling altar of Nemelex Xobeh.
  2196 | D:3      | Found a bloodstained altar of Trog.
  2426 | D:4      | Reached skill level 6 in Long Blades
  2462 | D:4      | Found a basalt altar of Yredelemnul.
  2536 | D:4      | Reached skill level 1 in Stealth
  2672 | D:4      | Found an opulent altar of Gozag.
  2740 | D:4      | Gained mutation: Your magical flight helps you evade
                  | attacks. (EV +4) [Tengu growth]
  2740 | D:4      | Reached XP level 7. HP: 42/44 MP: 8/8
  2917 | D:4      | Killed from afar by an orc priest

Illustrated notes

Levels and vault maps discovered:
D:1:      wander_arrival_desolate, layout_basic
D:2:      layout_loops_ring, shapermc_ecumenical_altar_mp_highgroup,
          uniq_jessica, uniq_natasha, uniq_crazy_yiuf_cottage
D:3:      layout_loops_cross, lemuel_coloured_pillars_altar,
          lightli_temple_of_fire
D:4:      layout_loops_corners, nicolae_yredelemnul_corpse_copse,
          general_overflow_altar, minmay_temple_entry_ruins,
          cheibrodos_gnoll_hut

Skill      XL: |  1  2  3  4  5  6 |
---------------+-------------------+-----
Long Blades    | 4 5 6 |  6.7
Fighting       | 4 |  4.3
Dodging        | 4 |  4.6
Stealth        | 1 |  1.4
Spellcasting   | |  0.6
Necromancy     | |  0.5
Invocations    | |  0.1

Action                     |  1- 3 |  4- 6 |  7- 9 || total
---------------------------+-------+-------+-------++-------
  Melee: Falchion          |    69 |    83 |    18 ||   170
         Kick              |    15 |    32 |     6 ||    53
         Peck              |    12 |    21 |     9 ||    42
   Cast: Necrotise         |       |     4 |     1 ||     5
 Invoke: Minor Destruction |       |     1 |     3 ||     4
 Armour: Robe              |    26 |    40 |     6 ||    72
  Dodge: Dodged            |    67 |    52 |     9 ||   128

Table legend: (Time is in decaauts)
 A = Elapsed time spent in this place.
 B = Non-inter-level travel time spent in this place.
 C = Inter-level travel time spent in this place.
 D = Time resting spent in this place.
 E = Time spent auto-exploring this place.
 F = Levels seen in this place.
 G = Mean time per level.
                   A        B        C        D        E       F      G
               +--------+--------+--------+--------+--------+-----+--------+
         Total |   2910 |   2799 |    111 |      0 |   2341 |   4 |  727.5 |
       Dungeon |   2910 |   2799 |    111 |      0 |   2341 |   4 |  727.5 |
               +--------+--------+--------+--------+--------+-----+--------+

Top non-repeatable levels by time:
     D:2: 976 daAuts
     D:3: 816 daAuts
     D:4: 597 daAuts
     D:1: 520 daAuts
